Map: Lost and Found LE

Players

gelous - Winner!

  • Race: Protoss Protoss
  • League: Diamond
  • Spawn Location: 7:00

Fargos

  • Race: Zerg Zerg
  • League: Platinum
  • Spawn Location: 1:00

VOD

Have the link to the VOD?

Description

Time

  • Played on: Aug. 6, 2018, 4:21 p.m.
  • Length: 9:00
Show
View Real Time Build Order
Export as new Build Order

gelous Protoss - Winner!

Build Orders: 1 Gate Expand 

Get SALT Encoding   

  12  0:01  Probe  
  13  0:13  Probe  
  14  0:21  Pylon  
  14  0:26  Probe  
  15  0:39  Probe  
  15  0:40  Gateway  
  16  0:46  Assimilator  
  16  0:47  Probe  
  16  0:55  Probe  
  18  1:05  Probe  
  19  1:20  Probe  
  20  1:28  Nexus  
  20  1:39  Cybernetics Core  
  20  2:11  Probe  
  21  2:16  Assimilator  
  21  2:18  Pylon  
  21  2:19  Probe  
  22  2:31  Gateway  
  22  2:33  Warp Gate  
  22  2:36  Adept  
  24  2:37  Shield Battery  
  24  2:39  Probe  
  24  2:41  Probe  
  26  2:47  Probe  
  26  2:53  Probe  
  26  2:55  Robotics Facility  
  26  2:56  Probe  
  28  3:04  Shield Battery  
  29  3:07  Stalker  
  29  3:09  Probe x2  
  32  3:17  Probe x2  
  33  3:24  Twilight Council  
  35  3:27  Probe  
  38  3:34  Adept  
  38  3:35  Immortal  
  42  4:01  Adept  
  44  4:14  Resonating Glaives  
  44  4:27  Pylon  
  44  4:36  Immortal  
  44  4:52  Probe  
  49  4:53  Gateway x2  
  49  4:56  Sentry  
  49  4:59  Assimilator, Probe  
  52  5:04  Probe  
  53  5:11  Probe  
  54  5:17  Pylon  
  54  5:20  Pylon  
  54  5:25  Assimilator  
  54  5:32  Warp Prism  
  54  5:35  Probe x2  
  58  5:36  Forge  
  58  5:47  Probe x2, Sentry x2  
  64  5:50  Adept x2  
  68  5:59  Probe x2  
  68  6:02  Robotics Bay  
  70  6:22  Pylon  
  70  6:25  Pylon  
  70  6:30  Protoss Ground Armor Level 1  
  70  6:40  Nexus  
  70  6:42  Pylon x2  
  70  6:43  Pylon, Adept  
  70  6:44  Sentry, Pylon, Adept x2  
  77  7:06  Extended Thermal Lance  
  77  7:07  Gateway  
  77  7:08  Colossus  
  77  7:10  Gateway  
  77  7:12  Probe, Gateway  
  77  7:14  Probe  
  85  7:24  Probe  
  85  7:25  Robotics Facility  
  86  7:37  Adept x2  
  86  7:38  Adept  
  92  8:01  Colossus, Adept x3  
  92  8:02  Adept  
  106  8:22  Adept x4  
  106  8:23  Adept x3  
  108  8:45  Adept x4  
  108  8:46  Adept x3  
Show
View Real Time Build Order
Export as new Build Order

Fargos Zerg 

Build Orders: Hatch First 

Get SALT Encoding   

  12  0:01  Drone  
  13  0:13  Overlord  
  13  0:16  Drone  
  14  0:32  Drone x2  
  16  0:51  Hatchery  
  16  0:53  Drone  
  17  0:57  Drone  
  17  1:00  Extractor  
  16  1:06  Drone  
  17  1:22  Spawning Pool  
  17  1:23  Drone  
  17  1:25  Drone  
  18  1:33  Extractor  
  18  1:35  Drone  
  18  1:43  Drone  
  19  1:50  Overlord  
  19  2:02  Drone  
  20  2:10  Queen  
  20  2:12  Queen  
  20  2:14  Zergling x2  
  25  2:26  Metabolic Boost  
  25  2:29  Drone  
  26  2:30  Drone x2  
  28  2:42  Roach Warren  
  27  3:04  Hatchery  
  26  3:07  Drone x4  
  30  3:16  Queen  
  32  3:29  Zergling x2  
  32  3:30  Zergling x6  
  36  3:43  Overlord  
  36  3:44  Overlord  
  36  3:47  Spore Crawler  
  34  4:15  Drone  
  34  4:16  Drone x5  
  38  4:22  Queen  
  40  4:25  Lair  
  40  4:31  Evolution Chamber  
  39  4:38  Zergling x10  
  44  4:46  Queen  
  46  5:10  Zerg Missile Weapons Level 1  
  46  5:26  Spore Crawler  
  45  5:31  Extractor  
  45  5:32  Drone  
  45  5:33  Drone x5  
  45  5:34  Extractor  
  49  5:49  Roach x2  
  55  5:50  Roach x2  
  55  5:57  Overlord x2  
  57  6:00  Spore Crawler  
  57  6:04  Drone  
  57  6:05  Overlord x2  
  57  6:23  Spore Crawler  
  56  6:42  Drone x3  
  56  6:43  Drone x3  
  61  6:56  Roach x7  
  74  7:18  Spine Crawler  
  74  7:21  Glial Reconstitution, Baneling Nest  
  74  7:22  Spine Crawler  
  71  7:27  Drone x2  
  71  7:28  Drone x4  
  77  7:32  Roach x6  
  89  7:57  Overlord x2  
  89  7:58  Overlord  
  77  8:15  Roach  
  77  8:16  Roach x3  
Tags
 
Add a new tag
Caveats
  • Supply blocks, unpowered buildings, or Contaminate may cause inaccurate times.
  • Supply counts are checked every 10 seconds.